 Dungeon Crawl Stone Soup version 0.27.0-1-g7a089689b8 (webtiles) character file.

Game seed: 960646976909668575

327 Sin92 the Skirmisher (level 6, -5/48 HPs)
             Began as a Demonspawn Fighter on Aug 7, 2021.
             Slain by an orc priest (6 damage)
             ... on level 4 of the Dungeon.
             The game lasted 00:03:43 (3458 turns).

Sin92 the Skirmisher (Demonspawn Fighter)           Turns: 3458, Time: 00:03:43

Health: -5/48      AC:  8    Str: 17    XL:     6   Next: 24%
Magic:  6/6        EV: 12    Int:  9    God:
Gold:   140        SH: 10    Dex: 14    Spells: 5/5 levels left

rFire    . . .     SeeInvis .   a - +1 war axe
rCold    . . .     Faith    .   c - +1 kite shield
rNeg     . . .     Spirit   .   b - +0 scale mail
rPois    .         Reflect  .   (no helmet)
rElec    .         Harm     .   n - +0 cloak
rCorr    .         Rampage  .   (no gloves)
Will     .....                  (no boots)
Stlth    ..........             (no amulet)
HPRegen  0.16/turn              i - ring of flight
MPRegen  0.20/turn              g - +4 ring of evasion

@: mighty, flying
A: talons 2, magic regeneration
a: no special abilities


You were on level 4 of the Dungeon.
You visited 1 branch of the dungeon, and saw 4 of its levels.

You collected 140 gold pieces.

Inventory:

Hand Weapons
 a - a +1 war axe (weapon)
Armour
 b - a +0 scale mail (worn)
 c - a +1 kite shield (worn)
 n - a +0 cloak (worn)
Jewellery
 g - a +4 ring of evasion (right hand)
 i - a ring of flight (left hand)
Scrolls
 p - a scroll of enchant weapon
Potions
 d - a potion of might
 f - 3 potions of curing
 j - a potion of cancellation {unknown}
 l - a potion of lignification {unknown}
 m - a potion of magic {unknown}


   Skills:
 + Level 3.8 Fighting
 * Level 3.7 Axes
 + Level 3.5 Armour
 + Level 2.0 Dodging
 + Level 3.6 Shields


You had 5 spell levels left.
You didn't know any spells.
Your spell library contained the following spells:

 Spells                   Type           Power      Damage    Failure   Level
 Slow                     Hex            0%         N/A       100%        2
 Confusing Touch          Hex            0%         N/A       100%        3
 Vampiric Draining        Necr           0%         2d6       100%        3


Dungeon Overview and Level Annotations

Branches:
Dungeon (4/15)
 Temple: D:4-7

Altars:
Dithmenos
Sif Muna
Zin

Annotations:
D:4 Eustachio, Robin


Innate Abilities, Weirdness & Mutations

You have razor-sharp toenails.
You regenerate magic rapidly.


Message History

You kill the orc!
You block the bat's attack. The bat misses you. The bat completely misses you.
You slash the bat!
You kill the bat!
The bat's corpse disappears in a puff of smoke!
The goblin shoots a stone.
You block the stone. The orc barely misses you.
You slash the orc!
You kill the orc!
The goblin no longer looks unusually strong.
You block the bat's attack.
The goblin shoots a stone.
You block the stone.
The orc priest looks braver for a moment.
You barely miss the bat. Your kick misses the bat. You block the bat's attack.
The goblin shoots a stone.
You block the stone.
Eustachio gestures wildly while chanting.
Eustachio blinks!
You barely miss the bat. You claw the bat.
You kill the bat!
The bat's corpse disappears in a puff of smoke!
Robin throws the goblin at you!
The orc priest invokes the aid of Beogh against you.
Beogh smites you!
* * * LOW HITPOINT WARNING * * *
The goblin shoots a stone.
You block the stone.
Robin roars a battlecry!
The goblin goes into a battle-frenzy!
The orc priest invokes the aid of Beogh against you.
Beogh smites you!
* * * LOW HITPOINT WARNING * * *
Eustachio gestures wildly while chanting.
Eustachio blinks!
Items here: ))))))))) †.
You barely miss Robin.
The goblin shoots a stone.
The stone misses you.
The stone hits Robin.
Robin hits you but does no damage.
The goblin shoots a stone.
The stone closely misses you.
The stone closely misses Robin.
Robin completely misses you.
You slash the orc priest!
The orc priest is heavily wounded.
You closely miss Robin.
The orc priest hits you with a +0 morningstar.
You die...

#### ###....#...
...# #..#### ...#
#.## ..## ##..# ..#
#..## .## ##.# .#
#)g# ## ##.## #
#@## # ##go# #..o##
###...§###
#.@......#
#........... #
##............
#####5oo........g..
.##..o.5........ggg


You could see Eustachio, Robin, an orc priest, an orc and a goblin (strong).

Vanquished Creatures
  An ogre (D:4)
  A howler monkey (D:3)
  A bullfrog skeleton (D:4)
  5 adders
  4 gnolls (D:2)
  A worm (D:3)
  2 orcs (D:4)
  5 ball pythons
  7 bats
  9 endoplasms
  16 goblins
  8 hobgoblins
  4 jackals (D:4)
  A quokka (D:1)
  2 frilled lizards
  8 kobolds
  10 rats
85 creatures vanquished.

Notes
Turn   | Place    | Note
-------+----------+-------------------------------------------
     0 | D:1      | Sin92 the Demonspawn Fighter began the quest for the Orb.
     0 | D:1      | Reached XP level 1. HP: 18/18 MP: 1/1
   300 | D:1      | Gained mutation: You have sharp toenails. [demonic
                  | ancestry]
   300 | D:1      | Reached XP level 2. HP: 24/24 MP: 2/2
  1073 | D:1      | Gained mutation: You regenerate magic rapidly. [demonic
                  | ancestry]
  1073 | D:1      | Reached XP level 3. HP: 29/29 MP: 3/3
  1663 | D:2      | Reached skill level 1 in Dodging
  1870 | D:2      | Found a shimmering blue altar of Sif Muna.
  1937 | D:2      | Reached XP level 4. HP: 28/35 MP: 4/4
  2419 | D:3      | Found a shadowy altar of Dithmenos.
  2813 | D:3      | Reached XP level 5. HP: 41/41 MP: 5/5
  2825 | D:3      | You are sucked into a shaft and drop 1 floor!
  2826 | D:4      | Noticed an ogre
  2830 | D:4      | Killed an ogre
  3118 | D:3      | Gained mutation: You have razor-sharp toenails. [demonic
                  | ancestry]
  3118 | D:3      | Reached XP level 6. HP: 40/48 MP: 6/6
  3424 | D:4      | Noticed Eustachio
  3435 | D:4      | Noticed Robin
  3456 | D:4      | HP: 1/48 [orc priest/divine providence (12)]
  3458 | D:4      | Slain by an orc priest

Illustrated notes

Levels and vault maps discovered:
D:1:      nzn_arrival_water_spiral, layout_loops_corners, minmay_vboxes
D:2:      layout_basic, basic_altar, hex_tiny, grunt_decor_one_mirror
D:3:      layout_rooms, zin_scriptorium, mainiacjoe_overflow_alcove_4,
          serial_corexii_hall, chequers_hall_statues_corner_a,
          chequers_hall_statues_wall_a, corexii_hall_statues_t,
          corexii_hall_statues_x, chequers_hall_statues_corner_a,
          chequers_hall_statues_y, minmay_misc_feat_room
D:4:      layout_cave_pods, slow_altar_1, nemelex_diamond_rough_becter,
          uniq_duvessa, uniq_robin, uniq_eustachio, uniq_pikel

Skill      XL: |  1  2  3  4  5  6 |
---------------+-------------------+-----
Axes           | 2 3 |  3.7
Shields        | 3 |  3.6
Armour         | 3 |  3.5
Dodging        | 1 2 |  2.0
Fighting       | |  3.8

Action                   |  1- 3 |  4- 6 || total
-------------------------+-------+-------++-------
Melee: War axe           |   122 |   116 ||   238
       Kick              |     9 |    25 ||    34
  Use: Scroll            |     2 |     7 ||     9
       Potion            |       |     3 ||     3
Armor: Scale mail        |    58 |    42 ||   100
Dodge: Dodged            |    54 |    62 ||   116
Block: Kite shield       |    57 |    75 ||   132
